 Dungeon Crawl Stone Soup version 0.31-a0-466-g98c9adc2b6 (webtiles) character file.

Game seed: 16300014487755668952

178 MisterAzrael the Chopper (level 5, -2/46 HPs)
             Began as a Hill Orc Fighter on Aug 5, 2023.
             Slain by a gnoll
             ... wielding a +0 flail
              (8 damage)
             ... on level 3 of the Dungeon.
             The game lasted 00:01:41 (1970 turns).

MisterAzrael the Chopper (Hill Orc Fighter)         Turns: 1970, Time: 00:01:41

Health: -2/46      AC:  9    Str: 21    XL:     5   Next: 58%
Magic:  5/5        EV:  7    Int:  8    God:
Gold:   154        SH:  5    Dex: 10    Spells: 4/4 levels left

rFire   . . .        a - +0 war axe
rCold   . . .        c - +0 buckler
rNeg    . . .        s - +0 chain mail
rPois   .            (no helmet)
rElec   .            (no cloak)
rCorr   .            (no gloves)
SInv    .            (no boots)
Will    .....        (no amulet) Stlth
                     (no ring)
HPRegen 0.27/turn    (no ring)
MPRegen 0.09/turn

%: no passive effects
@: no status effects
A: no striking features
a: no special abilities


You were on level 3 of the Dungeon.
You visited 1 branch of the dungeon, and saw 3 of its levels.

You collected 154 gold pieces.

Inventory:

Hand Weapons
 a - a +0 war axe (weapon)
Armour
 b - a +0 scale mail
 c - a +0 buckler (worn)
 s - a +0 chain mail (worn)
Jewellery
 t - a ring of positive energy
Scrolls
 e - 5 scrolls of identify {unknown}
 f - a scroll of revelation {unknown}
 g - a scroll of teleportation {unknown}
 i - a scroll of fear {unknown}
 j - a scroll of fog {unknown}
 l - a scroll of blinking {unknown}
 m - a scroll of torment {unknown}
 n - a scroll of amnesia {unknown}
 o - a scroll of poison {unknown}
Potions
 d - a potion of might
 h - 3 potions of mutation {unknown}
 k - 3 potions of curing {unknown}
 p - 2 potions of brilliance {unknown}
 q - a potion of degeneration {unknown}
 r - a potion of lignification {unknown}


   Skills:
 - Level 3.7 Fighting
 + Level 5.4 Axes
 - Level 3.4 Armour
 + Level 5.1 Shields


You had 4 spell levels left.
You didn't know any spells.
Your spell library was empty.

Dungeon Overview and Level Annotations

Branches:
Dungeon (3/15)

Altars:

Annotations:
D:3 Natasha


Message History

You slash the gnoll!
You kill the gnoll!
The gnoll completely misses you. The gnoll completely misses you.
You see here a +0 club.
You barely miss the gnoll. You block the gnoll's attack.
You closely miss the gnoll. The gnoll hits you with a +0 halberd.
You barely miss the gnoll. The gnoll hits you but does no damage.
The gnoll hits you with a +0 halberd.
You closely miss the gnoll. The gnoll hits you but does no damage.
You barely miss the gnoll. The gnoll barely misses you.
You barely miss the gnoll. You block the gnoll's attack.
The gnoll hits you with a +0 halberd.
You slash the gnoll!
The gnoll is heavily wounded.
Natasha, Servant of Life and Death comes into view.
The gnoll barely misses you.
You barely miss the gnoll.
The gnoll is heavily wounded.
The gnoll barely misses you.
You hit the gnoll but do no damage.
The gnoll is heavily wounded.
The gnoll hits you but does no damage.
Natasha howls an incantation.
Natasha glows brightly for a moment.
You barely miss the gnoll.
The gnoll is heavily wounded.
The gnoll hits you with a +0 halberd. x2
You hit the gnoll.
The gnoll is almost dead.
The gnoll hits you with a +0 halberd.
You slash the gnoll!
You kill the gnoll!
You barely miss the gnoll. The gnoll closely misses you.
You barely miss the gnoll. The gnoll hits you with a +0 flail!
* * * LOW HITPOINT WARNING * * *
The gnoll hits you with a +0 flail.
* * * LOW HITPOINT WARNING * * *
You hit the gnoll but do no damage. The gnoll hits you with a +0 flail!
You die...

#.#
#...#.......###
#.#
###.###.....†.##
#.#
#.###.....#...
#.###
#........###..
#...# ########.#
#.# ###.#
#..##.# #.#
##.##.# #)#
#....# #@#
##.... #g#
###.#.. #h.
..#.#.. #..#
#####.#.#.( #..#
#....)#.#.. #..#
#<#.#.# #...
#.#.### ##.#
#######......
..........###


You could see Natasha and a gnoll.

Vanquished Creatures
  Jessica (D:2)
  Natasha (twice) (D:3)
  2 adders (D:2)
  3 gnolls (D:3)
  A worm (D:2)
  7 ball pythons
  4 bats
  5 endoplasms
  5 giant cockroaches
  3 hobgoblins
  4 jackals (D:1)
  A quokka (D:2)
  3 frilled lizards
  3 goblins
  4 kobolds
  7 rats
55 creatures vanquished.

Notes
Turn   | Place    | Note
-------+----------+-------------------------------------------
     0 | D:1      | MisterAzrael the Hill Orc Fighter began the quest for the
                  | Orb.
     0 | D:1      | Reached XP level 1. HP: 19/19 MP: 1/1
   198 | D:1      | Reached XP level 2. HP: 25/27 MP: 2/2
   524 | D:1      | Reached XP level 3. HP: 32/33 MP: 3/3
  1135 | D:2      | Noticed Jessica
  1144 | D:2      | Killed Jessica
  1145 | D:2      | Reached XP level 4. HP: 26/40 MP: 4/4
  1748 | D:3      | Noticed Natasha
  1757 | D:3      | Killed Natasha
  1758 | D:3      | Reached XP level 5. HP: 40/46 MP: 5/5
  1861 | D:3      | Reached skill level 5 in Axes
  1868 | D:3      | Noticed Natasha
  1878 | D:3      | Killed Natasha
  1879 | D:3      | Reached skill level 5 in Shields
  1962 | D:3      | Noticed Natasha
  1970 | D:3      | Slain by a gnoll

Illustrated notes

Levels and vault maps discovered:
D:1:      psy_arrival_fountain, layout_basic
D:2:      layout_loops_corners, nicolae_eternal_life, uniq_jessica
D:3:      layout_basic, uniq_natasha

Skill      XL: |  1  2  3  4  5 |
---------------+----------------+-----
Axes           | 3 4 5 |  5.4
Shields        | 4 5 |  5.1
Fighting       | |  3.7
Armour         | |  3.4

Action                     |  1- 3 |  4- 6 || total
---------------------------+-------+-------++-------
  Melee: War axe           |    98 |    79 ||   177
    Use: Potion            |       |     1 ||     1
 Armour: Scale mail        |    62 |    19 ||    81
         Chain mail        |       |    10 ||    10
  Dodge: Dodged            |    58 |    37 ||    95
  Block: Buckler           |    24 |    16 ||    40

Table legend: (Time is in decaauts)
 A = Elapsed time spent in this place.
 B = Non-inter-level travel time spent in this place.
 C = Inter-level travel time spent in this place.
 D = Time resting spent in this place.
 E = Time spent auto-exploring this place.
 F = Levels seen in this place.
 G = Mean time per level.
                   A        B        C        D        E       F      G
               +--------+--------+--------+--------+--------+-----+--------+
         Total |   2032 |   1992 |     40 |      3 |   1594 |   3 |  677.3 |
       Dungeon |   2032 |   1992 |     40 |      3 |   1594 |   3 |  677.3 |
               +--------+--------+--------+--------+--------+-----+--------+

Top non-repeatable levels by time:
     D:2: 1065 daAuts
     D:1: 725 daAuts
     D:3: 241 daAuts
